Map: District de Néokirk EC (Void)

Players

Musumeci

  • Race: Zerg Zerg
  • League: Diamond
  • Spawn Location: 5:00

JeanJulian - Winner!

  • Race: Terran Terran
  • League: Diamond
  • Spawn Location: 7:00

VOD

Have the link to the VOD?

Description

Time

  • Played on: Dec. 2, 2016, 4:25 a.m.
  • Length: 18:16
Show
View Real Time Build Order
Export as new Build Order

Musumeci Zerg 

Build Orders: Hatch First 

Get SALT Encoding   

  12  0:03  Drone  
  13  0:09  Drone  
  14  0:16  Extractor  
  14  0:17  Drone  
  15  0:42  Hatchery  
  14  0:46  Extractor  
  14  0:48  Drone  
  15  1:12  Spawning Pool  
  15  1:16  Extractor, Drone  
  15  1:17  Extractor, Drone  
  16  1:19  Overlord  
  16  1:41  Drone x2  
  18  1:52  Drone  
  19  1:59  Queen  
  19  2:00  Queen  
  23  2:06  Drone  
  23  2:07  Drone  
  25  2:09  Overlord  
  25  2:13  Drone  
  26  2:16  Drone  
  27  2:35  Queen  
  27  2:36  Queen  
  31  2:40  Overlord  
  31  2:43  Drone  
  31  2:44  Drone  
  33  2:46  Drone  
  33  2:48  Drone  
  33  2:50  Drone  
  36  2:59  Drone x2  
  36  3:04  Extractor  
  37  3:06  Extractor, Drone  
  37  3:07  Roach Warren  
  36  3:14  Drone x3  
  36  3:16  Drone  
  40  3:32  Overlord x2  
  40  3:51  Drone x2  
  40  3:52  Drone x2  
  40  3:53  Drone, Hatchery  
  40  3:55  Drone x2  
  46  3:57  Roach  
  46  4:00  Roach  
  50  4:13  Overlord  
  50  4:14  Roach  
  50  4:17  Lair  
  52  4:28  Extractor  
  52  4:29  Extractor  
  52  4:30  Drone x2  
  52  4:32  Roach x3  
  52  4:34  Drone x2  
  60  4:39  Overlord x2  
  60  5:00  Roach  
  60  5:01  Roach x2  
  60  5:05  Evolution Chamber x2  
  64  5:11  Spore Crawler  
  64  5:13  Spore Crawler  
  64  5:14  Drone x4  
  65  5:15  Spore Crawler, Glial Reconstitution  
  65  5:18  Drone  
  65  5:19  Spore Crawler  
  65  5:20  Drone  
  66  5:30  Drone x3  
  66  5:31  Drone  
  70  5:38  Overlord x2  
  70  5:44  Overseer  
  70  5:54  Drone  
  70  5:55  Drone x4  
  75  6:09  Drone x5  
  80  6:13  Extractor  
  79  6:21  Roach x3  
  79  6:24  Extractor, Ravager x7  
  91  6:26  Roach  
  91  6:30  Ravager  
  85  6:40  Ravager  
  85  6:42  Roach x2  
  84  6:50  Roach x3  
  80  6:56  Roach x3  
  74  7:07  Roach x3  
  74  7:08  Roach  
  78  7:17  Roach  
  78  7:18  Roach x5  
  52  7:50  Drone x7  
  52  7:51  Drone x2  
  39  8:09  Roach x3  
  43  8:13  Queen  
  43  8:14  Queen  
  43  8:19  Roach x2  
  55  8:25  Roach x2  
  57  8:34  Ravager  
  57  8:35  Ravager  
  57  8:37  Roach x2  
  61  8:49  Roach  
  61  8:50  Roach  
  59  8:56  Roach x2  
  63  9:16  Hatchery  
  58  9:28  Ravager  
  58  9:30  Drone x6  
  65  9:47  Roach x6  
  65  9:49  Ravager  
  78  9:53  Evolution Chamber  
  78  9:56  Evolution Chamber  
  78  9:59  Extractor, Roach x2  
  79  10:09  Roach x2  
  83  10:15  Drone  
  83  10:17  Overlord x4  
  84  10:30  Zerg Missile Weapons Level 1  
  84  10:31  Zerg Ground Armor Level 1  
  84  10:33  Drone x4  
  84  10:34  Queen  
  90  10:38  Ravager x4  
  90  10:42  Drone x6  
  100  10:46  Overlord  
  100  10:47  Overlord x2  
  100  10:50  Ravager x3  
  103  11:09  Roach  
  103  11:10  Roach x5  
  105  11:12  Ravager x3  
  88  11:32  Roach  
  88  11:33  Roach x7  
  88  11:38  Roach x2  
  94  11:46  Roach x3  
  77  12:01  Roach  
  77  12:02  Roach x2  
  74  12:13  Roach  
  74  12:14  Roach x2  
  65  12:25  Roach x4  
  65  12:26  Roach x4  
  81  12:36  Ravager  
  81  12:37  Ravager x3  
  85  12:41  Ravager x3  
  88  12:44  Zerg Missile Weapons Level 2  
  88  12:50  Roach x2  
  92  12:57  Roach  
  92  12:58  Roach x3  
  100  13:21  Roach x11  
  122  13:28  Overseer  
  122  13:33  Queen  
  124  13:35  Drone  
  124  13:36  Drone  
  126  13:51  Hatchery  
  126  13:52  Ravager x6  
  131  13:56  Overlord  
  131  14:04  Zerg Ground Armor Level 2  
  131  14:19  Infestation Pit  
  130  14:37  Ravager x6  
  98  15:02  Roach  
  98  15:03  Roach x16  
  98  15:04  Roach  
  123  15:23  Spore Crawler  
  123  15:24  Spore Crawler  
  118  15:30  Spore Crawler  
  111  15:36  Hydralisk Den  
  100  15:54  Roach x3  
  100  15:55  Roach x9  
  83  16:10  Ravager x5  
  90  16:25  Roach x5  
  68  16:36  Roach  
  68  16:37  Roach x2  
  51  16:52  Roach  
  51  16:53  Roach x4  
  51  17:00  Hydralisk  
  51  17:14  Ravager  
  46  17:16  Ravager  
  46  17:17  Ravager  
  46  17:20  Roach x3  
  36  17:27  Roach  
Show
View Real Time Build Order
Export as new Build Order

JeanJulian Terran - Winner!

Build Orders:  

Get SALT Encoding   

  12  0:01  SCV  
  13  0:13  SCV  
  14  0:20  Supply Depot  
  14  0:25  SCV  
  15  0:41  SCV  
  15  0:42  Barracks  
  16  0:53  SCV  
  17  1:05  SCV  
  18  1:22  Command Center  
  18  1:25  SCV  
  19  1:32  Refinery  
  19  1:40  Orbital Command  
  19  1:50  Refinery  
  19  1:54  Marine  
  20  2:06  SCV  
  21  2:11  Marine  
  22  2:18  SCV  
  23  2:23  Factory  
  23  2:35  SCV  
  23  2:37  Orbital Command  
  24  2:41  Refinery  
  24  2:47  SCV  
  24  2:49  Marine  
  24  2:51  Supply Depot  
  26  2:59  SCV  
  26  3:03  SCV  
  28  3:11  SCV  
  28  3:12  Armory  
  29  3:19  Barracks Reactor, Factory  
  29  3:22  Factory Tech Lab  
  29  3:35  Engineering Bay  
  29  3:36  SCV x2  
  31  3:51  Factory Tech Lab  
  31  3:54  SCV x2  
  33  3:58  Supply Depot  
  33  4:03  Terran Vehicle And Ship Armor Level 1  
  33  4:08  SCV x2  
  35  4:13  Thor  
  41  4:24  Thor  
  41  4:26  Marine  
  41  4:29  Marine  
  49  4:34  Supply Depot  
  49  4:38  SCV x2  
  51  4:46  Marine  
  51  4:47  Marine  
  53  4:53  Supply Depot  
  53  4:56  Thor  
  53  4:58  SCV  
  53  4:59  SCV  
  61  5:02  Supply Depot  
  62  5:13  SCV  
  62  5:14  Thor  
  62  5:15  SCV  
  62  5:17  Marine  
  70  5:22  Supply Depot  
  70  5:24  Marine  
  70  5:25  Supply Depot  
  71  5:29  SCV x2  
  73  5:39  Siege Tank  
  76  5:53  Marine  
  76  5:54  Marine  
  76  5:56  SCV x2  
  80  5:58  Supply Depot  
  80  6:01  Supply Depot  
  80  6:03  Siege Tank  
  83  6:08  SCV, Terran Vehicle Weapons Level 1  
  84  6:11  Marine  
  84  6:12  SCV  
  86  6:20  SCV  
  70  6:59  Marine x2  
  70  7:00  Siege Tank  
  70  7:01  Hellbat  
  76  7:17  Marine x2  
  62  7:50  Marine  
  62  7:51  Marine, Siege Tank x2  
  57  8:08  Marine x2  
  59  8:23  Siege Tank x2  
  59  8:26  SCV x2  
  67  8:28  Marine x2  
  69  8:38  SCV x2  
  71  8:46  Marine x2  
  72  8:50  SCV  
  67  9:00  Thor x2  
  79  9:03  Marine, Terran Vehicle Weapons Level 2  
  79  9:04  Marine  
  81  9:11  Supply Depot  
  81  9:12  Supply Depot  
  81  9:13  SCV  
  81  9:14  SCV, Command Center  
  81  9:15  Factory  
  83  9:19  Refinery  
  83  9:21  Marine x2  
  85  9:25  SCV  
  85  9:26  SCV  
  87  9:35  Supply Depot  
  87  9:37  SCV, Supply Depot  
  88  9:38  SCV  
  88  9:39  Marine x2  
  91  9:49  SCV, Thor x2  
  91  9:50  SCV  
  105  9:55  Missile Turret  
  107  10:01  SCV  
  107  10:02  SCV  
  107  10:13  SCV  
  107  10:14  Starport  
  108  10:15  SCV  
  108  10:19  Hellion x2  
  113  10:25  SCV  
  113  10:26  Refinery  
  113  10:27  SCV  
  115  10:35  Siege Tank  
  118  10:37  SCV, Thor  
  118  10:38  Refinery  
  118  10:39  SCV  
  118  10:40  Marine, Hellion x2  
  132  10:50  SCV  
  132  10:51  SCV  
  133  10:57  SCV  
  133  10:58  Marine  
  133  11:02  Hellion x2, SCV  
  133  11:03  SCV  
  139  11:07  Siege Tank  
  139  11:09  SCV  
  129  11:14  SCV  
  129  11:15  SCV  
  131  11:20  Siege Tank  
  131  11:23  Hellion x2  
  99  11:55  Hellion x2, Siege Tank, Thor  
  99  11:56  Medivac  
  108  12:08  SCV x3  
  106  12:20  SCV x3  
  106  12:21  Widow Mine, Barracks Tech Lab  
  106  12:22  Hellion  
  109  12:24  Starport  
  109  12:29  Starport Tech Lab  
  101  12:32  SCV x2  
  101  12:33  SCV  
  104  12:39  Terran Ship Weapons Level 1  
  104  12:40  Siege Tank, Thor  
  104  12:43  Hellion  
  115  12:44  SCV  
  115  12:45  SCV  
  115  12:46  Planetary Fortress  
  115  12:50  Widow Mine  
  119  12:53  Missile Turret  
  119  12:56  SCV  
  119  12:57  SCV  
  118  12:59  Missile Turret  
  118  13:01  Banshee  
  118  13:02  Command Center  
  118  13:03  Hyperflight Rotors  
  118  13:05  Hellion  
  120  13:12  Banshee, Siege Tank  
  128  13:15  Supply Depot  
  128  13:16  Supply Depot  
  128  13:18  Widow Mine  
  128  13:26  Hellion  
  130  13:31  Siege Tank  
  133  13:37  Supply Depot  
  133  13:44  Banshee, Thor  
  133  13:46  Widow Mine  
  133  13:48  Hellion  
  146  14:02  Banshee  
  146  14:08  Widow Mine  
  151  14:12  Siege Tank  
  151  14:16  Hellion  
  156  14:19  Refinery x2  
  156  14:27  Hellion, Banshee  
  161  14:33  Marine  
  161  14:35  Infernal Pre-Igniter  
  161  14:37  Hellion x2  
  166  14:39  Terran Vehicle And Ship Armor Level 2  
  166  14:45  Banshee  
  166  14:50  Marine  
  162  15:08  Marine  
  163  15:26  Marine  
  158  15:44  Marine  
  121  16:08  Hellion x2, Siege Tank x2  
  121  16:10  Banshee x2  
  137  16:30  Hellion  
  124  16:41  Hellion x2, Siege Tank  
  131  16:51  Hellion  
  131  16:52  Banshee  
  131  16:53  Banshee  
  137  17:02  Hellion, Siege Tank  
  142  17:12  Hellion  
  142  17:14  Hellion  
  140  17:24  Hellion  
  139  17:34  Hellion, Siege Tank  
  139  17:35  Hellion  
  143  17:45  Hellion  
Tags
 
Add a new tag
Caveats
  • Supply blocks, unpowered buildings, or Contaminate may cause inaccurate times.
  • Supply counts are checked every 10 seconds.